 Dungeon Crawl Stone Soup version 0.24-a0-420-g24607be9ce (webtiles) character file.

Game seed: 9165881678716334326

476 Ijustatesigmund the Cudgeler (level 7, -1/47 HPs)
             Began as an Octopode Fighter on June 11, 2019.
             Slain by an ogre
             ... wielding a +0 giant club
              (11 damage)
             ... on level 4 of the Dungeon.
             The game lasted 00:05:20 (3314 turns).

Ijustatesigmund the Cudgeler (Octopode Fighter)     Turns: 3314, Time: 00:05:21

Health: -1/47      AC:  1    Str: 16    XL:     7   Next: 10%
Magic:  7/7        EV: 12    Int: 10    God:
Gold:   252        SH:  0    Dex: 13    Spells: 6/6 levels left

rFire    . . .     SeeInvis .   a - +1 flail
rCold    . . .     Gourm    .   b - +0 shield
rNeg     . . .     Faith    .   (helmet restricted)
rPois    .         Spirit   .   (no amulet)
rElec    .         Reflect  .   (no ring)
rCorr    .         Harm     .   (no ring)
MR       .....                  (no ring)
Stlth    ++........             (no ring)
HPRegen  0.15/turn              (no ring)
MPRegen  0.10/turn              (no ring)
                                (no ring)
                                (no ring)

@: confused, lethally poisoned (-1 -> -6), flying
A: almost no armour, stealthy swim, amphibious, 8 rings, constrict 8, camouflage
1, gelatinous body 1
a: no special abilities


You were on level 4 of the Dungeon.
You were hungry.

You visited 1 branch of the dungeon, and saw 4 of its levels.

You collected 252 gold pieces.

Inventory:

Hand Weapons
 a - a +1 flail (weapon)
Armour
 b - a +0 shield (worn)
Scrolls
 h - 3 scrolls of identify
Potions
 j - a potion of magic
Comestibles
 d - 10 rations


   Skills:
 + Level 3.6 Fighting
 + Level 6.3 Maces & Flails
 + Level 3.7 Dodging
 + Level 3.7 Shields


You had 6 spell levels left.
You didn't know any spells.
Your spell library was empty.

Dungeon Overview and Level Annotations

Branches:
Dungeon (4/15)
 Temple: D:4-7

Altars:

Annotations:
D:4 Natasha


Innate Abilities, Weirdness & Mutations

You cannot wear most types of armour.
You are very stealthy in the water. (Stealth+)
You are amphibious.
You can wear up to eight rings at the same time.
You can use your tentacles to constrict eight enemies at once.
Your skin changes colour to match your surroundings (Stealth+).
Your rubbery body absorbs attacks. (AC +1, EV +1)


Message History

You have reached level 7!
You feel sick.
The howler monkey hoots and howls with incredible vigour!
You block the ogre's attack.
You hear a bark! x2
It was a potion of flight.
You feel very buoyant.
You fly up into the air.
You feel sick.
The shadow imp grinds its teeth.
The howler monkey barely misses you.
You are confused.
You feel invigorated. The ogre hits you with a +0 giant club!
* * * LOW HITPOINT WARNING * * *
Natasha mumbles some strange words.
The howler monkey completely misses you.
You closely miss Natasha. Your squeeze misses Natasha.
You feel sick. Natasha claws you!
* * * LOW HITPOINT WARNING * * *
The ogre hits you with a +0 giant club!
You die...

.....#.###.......#
##....#.#....##..##
#....#...........# .
##..........#.##.##
..###...........#.####
..(...........#####
#.....5.......#
###..h........#
#.5O@.......#
#..5h.(......#
..............##
...#...........#
##...#.........#
.............##
.........#....#
..#..........##


You could see an ogre, a howler monkey, Natasha, a crimson imp, a white imp and
a shadow imp.

Vanquished Creatures
  Sigmund (D:2)
  A scorpion (D:4)
  An orc priest (D:3)
  A bullfrog skeleton (D:4)
  An iguana (D:4)
  2 worker ants
  5 adders
  An ooze (D:1)
  A worm (D:2)
  A dart slug (D:2)
  2 leopard geckos
  6 orcs (D:3)
  7 bats
  A giant cockroach (D:1)
  8 goblins
  12 hobgoblins
  8 jackals
  2 quokkas
  A ball python (D:2)
  3 frilled lizards
  8 kobolds
  A leopard gecko skeleton (D:4)
  7 rats
  A fungus (D:1)
82 creatures vanquished.

Vanquished Creatures (others)
  3 toadstools (D:1)
3 creatures vanquished.

Grand Total: 85 creatures vanquished

Notes
Turn   | Place    | Note
-------+----------+-------------------------------------------
     0 | D:1      | Ijustatesigmund the Octopode Fighter began the quest for
                  | the Orb.
     0 | D:1      | Reached XP level 1. HP: 16/16 MP: 1/1
   163 | D:1      | Reached XP level 2. HP: 21/21 MP: 2/2
   227 | D:1      | Reached skill level 3 in Maces & Flails
   384 | D:1      | Reached XP level 3. HP: 24/26 MP: 3/3
  1248 | D:2      | Reached skill level 4 in Maces & Flails
  1281 | D:2      | Noticed Sigmund
  1289 | D:2      | Killed Sigmund
  1289 | D:2      | Reached skill level 5 in Maces & Flails
  1289 | D:2      | Reached XP level 4. HP: 31/31 MP: 4/4
  1289 | D:2      | Reached XP level 5. HP: 36/36 MP: 5/5
  1811 | D:3      | Reached skill level 6 in Maces & Flails
  1811 | D:3      | Reached XP level 6. HP: 42/42 MP: 6/6
  3307 | D:4      | Noticed Natasha
  3311 | D:4      | Reached XP level 7. HP: 26/47 MP: 7/7
  3314 | D:4      | Slain by an ogre

Levels and vault maps discovered:
D:1:      co_arrival_hall_of_pillars, layout_basic, nrook_mini_vaults,
          minmay_gold_behind_fungi, grunt_decor_fettered, minmay_unequal
D:2:      layout_loops_corners, first_ration, kennysheep_generic_room_15,
          uniq_sigmund
D:3:      wander_river, layout_basic
D:4:      layout_cave_pools, ashenzari_altar_1, lightli_temple_of_fire,
          uniq_natasha

Skill      XL: |  1  2  3  4  5 |
---------------+----------------+-----
Maces & Flails | 3 5 6 |  6.3
Fighting       | |  3.6
Dodging        | |  3.7
Shields        | |  3.7

Action                   |  1- 3 |  4- 6 |  7- 9 || total
-------------------------+-------+-------+-------++-------
Melee: Flail             |    61 |    91 |     1 ||   153
       Constrict         |    15 |    27 |       ||    42
       Tentacles         |    12 |    15 |       ||    27
  Use: Scroll            |     5 |     4 |       ||     9
       Potion            |     1 |     1 |     2 ||     4
 Stab: Sleeping          |     6 |     7 |       ||    13
       Distracted        |     1 |       |       ||     1
  Eat: Chunk             |     1 |     6 |       ||     7
Armor: Skin              |     8 |       |       ||     8
Dodge: Dodged            |    22 |    28 |     2 ||    52
Block: Shield            |    12 |    31 |     1 ||    44

Table legend:
 A = Non-vault XP
 B = Vault XP
 C = Vault XP percentage of total XP
 D = Non-vault monster count
 E = Vault monster count
 F = Vault count percentage of total count
                 A         B        C        D         E       F
            +---------+---------+-------+---------+---------+-------
      Total |     456 |     225 |  33.0 |      77 |       4 |   4.9
            +---------+---------+-------+---------+---------+-------
        D:1 |      33 |       5 |  13.2 |      15 |       3 |  16.7
        D:2 |      55 |     220 |  80.0 |      21 |       1 |   4.5
        D:3 |     186 |       0 |   0.0 |      35 |       0 |   0.0
        D:4 |     182 |       0 |   0.0 |       6 |       0 |   0.0
            +---------+---------+-------+---------+---------+-------
